 Dungeon Crawl Stone Soup version 0.25-a0-479-g8579842fd4 (webtiles) character file.

Game seed: 5485488450818969746, levelgen mode: deterministic

40 Alarak the Skirmisher (level 3, 0/51 HPs)
             Began as a Hill Orc Fighter on Feb 9, 2020.
             Succumbed to an adder's poison
             ... on level 1 of the Dungeon.
             The game lasted 00:03:10 (759 turns).

Alarak the Skirmisher (Hill Orc Fighter)             Turns: 759, Time: 00:03:10

Health: 0/51       AC:  6    Str: 24    XL:     3   Next: 50%
Magic:  12/12      EV:  7    Int:  8    God:
Gold:   134        SH:  9    Dex: 10    Spells: 2/2 levels left

rFire    . . .     SeeInvis .   a - +0 war axe
rCold    . . .     Gourm    .   c - +0 shield
rNeg     . . .     Faith    .   b - +0 scale mail
rPois    .         Spirit   .   (no helmet)
rElec    .         Reflect  .   (no cloak)
rCorr    .         Harm     .   (no gloves)
MR       .....                  (no boots)
Stlth    ..........             k - amulet of rage
HPRegen  0.17/turn              n - ring of magical power
MPRegen  0.13/turn              (no ring)

@: berserking (expiring), lethally poisoned (0 -> -4), very quick
A: no striking features
a: Evoke Berserk Rage


You were on level 1 of the Dungeon.
You were not hungry.

You visited 1 branch of the dungeon, and saw 2 of its levels.

You collected 134 gold pieces.

Inventory:

Hand Weapons
 a - a +0 war axe (weapon)
Armour
 b - a +0 scale mail (worn)
 c - a +0 shield (worn)
Jewellery
 k - an amulet of rage (around neck)
 n - a ring of magical power (left hand)
Scrolls
 e - 2 scrolls of teleportation {unknown}
 g - 3 scrolls of remove curse {unknown}
 h - a scroll of blinking {unknown}
 l - 5 scrolls of identify {unknown}
Potions
 d - a potion of might
 i - a potion of resistance {unknown}
 j - a potion of lignification {unknown}
 m - a potion of curing {unknown}
 o - a potion of degeneration {unknown}
 p - a potion of ambrosia {unknown}
Comestibles
 f - 4 rations


   Skills:
 + Level 4.5 Fighting
 - Level 4.1 Axes
 - Level 3.2 Armour
 - Level 3.2 Shields


You had 2 spell levels left.
You didn't know any spells.
Your spell library was empty.

Dungeon Overview and Level Annotations

Branches:
Dungeon (2/15)

Altars:


Message History

Increase (S)trength, (I)ntelligence, or (D)exterity?
You feel stronger.
You completely miss the adder.
* * * LOW HITPOINT WARNING * * *
You feel sick. The adder bites you but does no damage.
You barely miss the adder.
The adder is severely wounded.
* * * LOW HITPOINT WARNING * * *
You feel sick. You block the adder's attack.
The adder bites you but does no damage.
You miss the adder.
The adder is severely wounded.
The adder barely misses you.
You miss the adder.
The adder is severely wounded.
* * * LOW HITPOINT WARNING * * *
You feel sick. The adder bites you but does no damage.
You slash the adder!
You kill the adder!
You die...

#....#.#.#.............####....
#....#.#.#......#..............
#......#.#.................#...
###.##.#.###...............#...
#.#............>..##.........
#.#..........................
#.#..........#....##.........
#.#####.....>................
#.####......@#...#####.......
#.##....####.#...#....(......
#.##....# #.#...#...........
#.##....####.#...#.....).....
#.##......##.....##..........
#.##...)..(((................
#.##......##.................
#.###......#.............(...
#..........#.......##........


There were no monsters in sight!

Vanquished Creatures
  2 adders (D:1)
  A dart slug (D:1)
  3 goblins
  6 hobgoblins (D:1)
  A bat (D:1)
  2 kobolds (D:1)
  6 rats (D:1)
21 creatures vanquished.

Notes
Turn   | Place    | Note
-------+----------+-------------------------------------------
     0 | D:1      | Alarak the Hill Orc Fighter began the quest for the Orb.
     0 | D:1      | Reached XP level 1. HP: 19/19 MP: 1/1
   186 | D:1      | Reached XP level 2. HP: 24/26 MP: 2/2
   754 | D:1      | Reached XP level 3. HP: 3/33 MP: 3/3
   755 | D:1      | HP: 2/49 [poisoned by an adder]
   759 | D:1      | Succumbed to an adder's poison

Levels and vault maps discovered:
D:1:      wander_arrival_lonely_grave, layout_basic, serial_park_tiny_1
D:2:      layout_rooms, serial_park_tiny_pond, st_stairs_5

Skill      XL: |  1  2 |
---------------+-------+-----
Axes           | 3 4 |  4.1
Fighting       | 4 |  4.5
Armour         | |  3.2
Shields        | |  3.2

Action                   || total
-------------------------++-------
Melee: War axe           ||    58
 Abil: Evoke Berserk Rag ||     1
Armor: Scale mail        ||    29
Dodge: Dodged            ||    18
Block: Shield            ||    39

Table legend:
 A = Non-vault XP
 B = Vault XP
 C = Vault XP percentage of total XP
 D = Non-vault monster count
 E = Vault monster count
 F = Vault count percentage of total count
                 A         B        C        D         E       F
            +---------+---------+-------+---------+---------+-------
      Total |      45 |      13 |  22.4 |      20 |       1 |   4.8
            +---------+---------+-------+---------+---------+-------
        D:1 |      43 |      13 |  23.2 |      19 |       1 |   5.0
        D:2 |       2 |       0 |   0.0 |       1 |       0 |   0.0
            +---------+---------+-------+---------+---------+-------
